 Dungeon Sprint DCSS version 0.14-a0-736-g2a71271 (webtiles) character file.

961 Deemzul the Black Belt (level 7, -9/43 HPs)
             Began as an Octopode Transmuter on Nov 7, 2013.
             Was a Plaything of Xom.
             Mangled by a giant amoeba (19 damage)
             ... in the Dungeon (Sprint I: "Red Sonja").
             The game lasted 00:02:11 (689 turns).

Deemzul the Black Belt (Octopode Transmuter)         Turns: 689, Time: 00:02:12

HP  -9/43        AC  1     Str 10      XL: 7   Next: 57%
MP  10/10        EV 12     Int 20      God: Xom
Gold 297         SH  0     Dex 14      Spells:  1 memorised,  9 levels left

Res.Fire  : . . .   See Invis. : .     - Unarmed
Res.Cold  : . . .   Warding    : .   (no shield)
Life Prot.: . . .   Conserve   : .   (helmet restricted)
Res.Poison: .       Res.Corr.  : .   (no amulet)
Res.Elec. : .       Clarity    : .   (no ring)
Sust.Abil.: . .     Spirit.Shd : .   (no ring)
Res.Mut.  : .       Prev.Telep.: +   (no ring)
Res.Rott. : .       Flight     : .   (no ring)
Saprovore : . . .                    (no ring)
                                     (no ring)
                                     (no ring)
                                     (no ring)

@: brilliant, slightly resistant to hostile enchantments, fairly stealthy
A: almost no armour, amphibious, 8 rings, constrict 8, camouflage 1, AC +1
a: Renounce Religion


You were in the Dungeon.
You worshipped Xom.
You were a favourite toy of Xom.
You were not hungry.

You visited 1 branch You collected 297 gold pieces.

Inventory:

Missiles
 b - 12 arrows
Magical devices
 c - a wand of confusion (11)
Comestibles
 a - a bread ration
Scrolls
 j - a scroll of blinking
Potions
 e - a potion of curing
 g - a potion of speed
 h - 2 potions of magic
 i - a potion of berserk rage
Books
 d - a book of Changes

   Spells                             Type                      Level
   *Beastly Appendage                 Transmutation                1
   Sticks to Snakes                   Transmutation                2
   Spider Form                        Transmutation/Poison         3
   Ice Form                           Ice/Transmutation            4
   Blade Hands                        Transmutation                5


   Skills:
 - Level 1.0 Fighting
 - Level 2.0 Dodging
 + Level 15.4 Unarmed Combat
 - Level 2.0 Spellcasting
 - Level 2.0 Transmutations


You had 9 spell levels left.
You knew the following spells:

 Your Spells              Type           Power        Failure   Level  Hunger
a - Beastly Appendage     Trmt           ###...       1%          1    #......


Dungeon Overview and Level Annotations

Branches:
Dungeon (1/1)

Altars:
Ashenzari
Elyvilon
Kikubaaqudgha
Sif Muna
Xom
Yredelemnul
the Shining One

Shops:
D [


Innate Abilities, Weirdness & Mutations

You cannot wear most types of armour.
You are amphibious.
You can wear up to eight rings at the same time.
You can use your tentacles to constrict many enemies at once.
Your skin changes colour to match your surroundings (Stlth).
Your rubbery body absorbs attacks (AC +1).


Message History

You hit the giant amoeba.
The giant amoeba is heavily wounded.
You almost hear Xom's maniacal laughter.
Your 2 potions of magic briefly glow.
You are now a favourite toy of Xom.
The giant amoeba hits you!
You bludgeon the giant amoeba!
The giant amoeba is heavily wounded.
The giant amoeba closely misses you.
You bludgeon the giant amoeba! You squeeze the giant amoeba!
The giant amoeba is severely wounded.
The giant amoeba hits you!
* * * LOW HITPOINT WARNING * * *
You bludgeon the giant amoeba!
The giant amoeba is almost dead.
You barely miss the giant amoeba.
The giant amoeba is almost dead.
The giant amoeba hits you!
You die...
Xom thinks this is hilarious!

###################
#<<#..'.%#.)'..#__#
#<.)).#..'..#..'@J+
#..#####'#####'#__#
#..####..#...#.####
#..#_.####..##.#
#..#.....##'#..+
#⌠⌠#_.∩...'..._#
####.....##_.#'#
#_._._###+#.#
####### ###


You could see a giant amoeba.

Vanquished Creatures
  An elephant slug (D)
  An ogre (D)
  Sigmund (D)
  A jelly (D)
  Ijyb (D)
5 creatures vanquished.

Vanquished Creatures (others)
  A metal gargoyle (D)
1 creature vanquished.

Grand Total: 6 creatures vanquished

Notes
Turn   | Place    | Note
--------------------------------------------------------------
     0 | D        | Deemzul, the Octopode Transmuter, began the quest for the Orb.
     0 | D        | Reached XP level 1. HP: 13/13 MP: 1/1
     7 | D        | Noticed Ijyb
    14 | D        | Killed Ijyb
    14 | D        | Reached skill level 5 in Unarmed Combat
    14 | D        | Reached XP level 2. HP: 9/18 MP: 0/3
   167 | D        | Noticed an ogre
   181 | D        | Killed an ogre
   181 | D        | Reached skill level 9 in Unarmed Combat
   181 | D        | Reached XP level 3. HP: 10/23 MP: 2/4
   181 | D        | Reached XP level 4. HP: 12/28 MP: 3/6
   195 | D        | Noticed Sigmund
   202 | D        | HP: 1/28 [Sigmund/puff of flame (10)]
   203 | D        | Killed Sigmund
   203 | D        | Reached skill level 11 in Unarmed Combat
   203 | D        | Reached XP level 5. HP: 1/33 MP: 5/7
   505 | D        | Found a shimmering altar of Xom.
   506 | D        | Noticed a jelly
   507 | D        | Found a basalt altar of Yredelemnul.
   514 | D        | Killed a jelly
   579 | D        | Found a deep blue altar of Sif Muna.
   579 | D        | Found a white marble altar of Elyvilon.
   579 | D        | Found Kaatuch's Antique Armour Emporium.
   579 | D        | Found an ancient bone altar of Kikubaaqudgha.
   579 | D        | Found a glowing golden altar of the Shining One.
   579 | D        | Noticed an elephant slug
   615 | D        | Killed a metal gargoyle
   626 | D        | Killed an elephant slug
   626 | D        | Reached skill level 13 in Unarmed Combat
   626 | D        | Reached XP level 6. HP: 38/38 MP: 9/9
   640 | D        | Found a deep blue altar of Sif Muna.
   667 | D        | Became a worshipper of Xom of Chaos
   677 | D        | Found a basalt altar of Yredelemnul.
   677 | D        | Found a white marble altar of Elyvilon.
   677 | D        | Noticed a giant amoeba
   678 | D        | Found a shattered altar of Ashenzari.
   678 | D        | Found a deep blue altar of Sif Muna.
   680 | D        | XOM: potion effect (experience)
   680 | D        | Reached skill level 15 in Unarmed Combat
   680 | D        | Reached XP level 7. HP: 29/43 MP: 10/10
   685 | D        | XOM: silly message
   689 | D        | Mangled by a giant amoeba

Action                   |  1- 3 |  4- 6 |  7- 9 || total
-------------------------+-------+-------+-------++-------
Melee: Unarmed           |    13 |    23 |     8 ||    44
 Cast: Beastly Appendage |     2 |       |       ||     2
  Use: Potion            |     1 |     1 |     1 ||     3
       Scroll            |       |     1 |       ||     1
 Stab: Sleeping          |       |     2 |       ||     2
